 Dungeon Crawl Stone Soup version 0.31-a0-881-ge136f0c47a (webtiles) character file.

Game seed: 1328192441064922207

23335 TheGamechu the Protected (level 12, -4/90 HPs)
             Began as a Minotaur Fighter on Oct 15, 2023.
             Was an Initiate of Gozag.
             Slain by a sixfirhy (5 damage)
             ... on level 2 of the Abyss.
             The game lasted 00:39:07 (11008 turns).

TheGamechu the Protected (Minotaur Fighter)        Turns: 11008, Time: 00:39:08

Health: -4/90      AC: 19    Str: 24 (25) XL:     12   Next: 70%
Magic:  11/11      EV:  6    Int:  1      God:    Gozag
Gold:   1226       SH: 11    Dex: 10 (11) Spells: 11/11 levels left

rFire   + + .        O - +6 shillelagh "Devastator" {shatter}
rCold   x . .        K - +1 kite shield
rNeg    + . .        o - +0 plate armour
rPois   +            (helmet restricted)
rElec   .            a - scarf {rC+ rF+}
rCorr   .            T - +1 pair of gloves "Immazitz" {-Cast rN+ SInv}
SInv    +            k - +0 pair of boots
Will    .....        u - amulet of regeneration Stlth
                     c - ring "Areelomo" {rPois AC+4 Slay+2}
HPRegen 0.00/turn    x - ring of protection from fire
MPRegen 0.12/turn

%: no spellcasting, random rage (9%)
@: on berserk cooldown, inhibited regen, slowed, unable to drink, very slow
A: horns 2, retaliatory headbutt, [berserk 2], [deformed body], [deterioration
2], [dopey 2], [frail 2], [screaming 2], [inhibited regeneration],
([teleportitis 2]), [cold vulnerability 2], [subdued magic 3], [inability to
drink after injury 2]
a: Renounce Religion, Potion Petition, Call Merchant, Bribe Branch


You were on level 2 of the Abyss.
You worshipped Gozag.
Gozag was most pleased with you.
You visited 3 branches of the dungeon, and saw 14 of its levels.
You visited the Abyss 1 time.
You also visited: Gauntlet and Volcano.

You collected 1993 gold pieces.
You spent 99 gold pieces at shops.
You paid 668 gold pieces to Gozag.

Inventory:

Hand Weapons
 M - a +4 war axe of freezing
 O - the +6 shillelagh "Devastator" (weapon) {shatter}
   (You found it on level 11 of the Dungeon)
Missiles
 f - 85 stones
 g - 6 boomerangs (quivered)
 l - 4 curare-tipped darts
 q - 5 silver javelins
 z - 16 poisoned darts
 A - 5 atropa-tipped darts
Armour
 a - a scarf of resistance (worn)
 k - a +0 pair of boots (worn)
 o - a +0 plate armour (worn)
 K - a +1 kite shield (worn)
 T - the +1 pair of gloves "Immazitz" (worn) {-Cast rN+ SInv}
   (You found it on level 11 of the Dungeon)

   rN+:       It protects you from negative energy.
   SInv:      It lets you see invisible.
   -Cast:     It prevents spellcasting.
Jewellery
 c - the ring "Areelomo" (left hand) {rPois AC+4 Slay+2}
   (You found it in a Gauntlet)

   [ring of protection]

   AC+4:      It affects your AC (+4).
   Slay+2:    It affects your accuracy & damage with ranged weapons and melee
   (+2).
   rPois:     It protects you from poison
 u - an amulet of regeneration (around neck)
 v - a +6 ring of strength
 x - a ring of protection from fire (right hand)
 Q - a +4 ring of slaying
Wands
 m - a wand of paralysis (13)
 r - a wand of polymorph (22)
 y - a wand of acid (2)
 B - a wand of mindburst (17)
 H - a wand of flame (9)
Scrolls
 i - 3 scrolls of silence
 n - a scroll of revelation
 p - a scroll of vulnerability
 s - 3 scrolls of brand weapon
Potions
 b - 2 potions of haste
 d - 3 potions of might
 e - a potion of magic
 h - 2 potions of brilliance
 j - 2 potions of invisibility
 w - 5 potions of curing
 D - 2 potions of mutation {unknown}
 F - 5 potions of enlightenment
 J - 2 potions of lignification
 N - a potion of cancellation
Miscellaneous
 C - a lightning rod (4/4)
 E - a condenser vane


   Skills:
 + Level 12.8 Fighting
 - Level 10.2(11.2) Axes
 + Level 7.4(9.9) Maces & Flails
 + Level 10.2 Throwing
 + Level 12.8 Armour
 - Level 8.0 Shields
 + Level 2.7 Evocations


You had 11 spell levels left.
You didn't know any spells.
Your spell library contained the following spells:

 Spells                   Type           Power      Damage    Failure   Level
 Inner Flame              Hex/Fire       0%         N/A       100%        3
 Stone Arrow              Conj/Erth      0%         3d7       100%        3
 Animate Armour           Summ/Erth      0%         N/A       100%        4
 Yara's Violent Unravell  Hex/Tmut       0%         3d3       100%        5
 Enfeeble                 Hex            0%         N/A       100%        7
 Lehudib's Crystal Spear  Conj/Erth      0%         10d2      100%        8
 Chain Lightning          Conj/Air       0%         N/A       100%        9
 Fire Storm               Conj/Fire      0%         5d1       100%        9
 Shatter                  Erth           0%         3d5*      100%        9


Dungeon Overview and Level Annotations

Branches:
Dungeon (11/15)            Temple (1/1) D:7            Lair (2/5) D:8
  Swamp (0/4) Lair:2        Snake (0/4) Lair:2      Volcano (visited)
Gauntlet (visited)
    Orc: D:9-12

Altars:
Ashenzari
Cheibriados
Dithmenos
Elyvilon
Fedhas
Gozag
Hepliaklqana
Kikubaaqudgha
Makhleb
Nemelex Xobeh
Okawaru
Qazlal
Ru
Sif Muna
Trog
Uskayaw
Vehumet
Wu Jian
Xom
Yredelemnul
Zin
The Shining One

Shops:
D:2 [   D:7 !

Annotations:
Lair:1 2 transporters, Eugor's ghost, journeyman DECj


Innate Abilities, Weirdness & Mutations

You have a pair of horns on your head.
You reflexively headbutt those who attack you in melee.
[You have an uncontrollable temper.]
[Armour fits poorly on your strangely shaped body.]
[Your body often deteriorates upon taking damage.]
[You are very dopey. (Int -4)]
[You are very frail. (-20% HP)]
[You frequently scream uncontrollably at your foes.]
[You do not regenerate when monsters are visible.]
[((You are often teleported next to monsters.))]
[You are very vulnerable to cold. (rC--)]
[Your spells are much easier to cast, but much less powerful.]
[You sometimes lose the ability to drink potions when taking damage.]


Message History

You hold your ground!
The small abomination hits you but does no damage.
You sock the small abomination!
You destroy the small abomination!
The bone dragon is distracted by your dazzling golden aura.
You see here 9 gold pieces.
The bone dragon is no longer distracted by gold.
The bone dragon attacks as it pursues you!
You block the bone dragon's attack.
The bone dragon claws you but does no damage.
The bone dragon tramples you!
* * * LOW HITPOINT WARNING * * *
You feel threatened and lose the ability to drink potions!
You stumble backwards!
The bone dragon barely misses you. The bone dragon claws you.
* * * LOW HITPOINT WARNING * * *
The bone dragon tramples you!
* * * LOW HITPOINT WARNING * * *
You hold your ground!
The bone dragon attacks as it pursues you!
You block the bone dragon's attack.
The bone dragon claws you but does no damage.
The bone dragon tramples you.
* * * LOW HITPOINT WARNING * * *
You hold your ground!
The bone dragon bites you but does no damage.
The bone dragon claws you!
* * * LOW HITPOINT WARNING * * *
The bone dragon tramples you but does no damage.
Okay, then.
Blink to where?
Press: ? - help, Dir - move target
As you read the scroll of blinking, it crumbles to dust.
You cannot drink potions in your current state!
Okay, then.
You block the sixfirhy's attack.
The sixfirhy hits you but does no damage. x2
A starcursed mass splits.
The sixfirhy hits you.
You die...
Your body crumbles into a pile of gold.

.## # #..#
.. #..# ..
#... ..#.
###XX#
#...##....
..#.#....#
#.....3@#
#..##.###D#
# .# .. ##.
#. .. .#


You could see a bone dragon, 2 starcursed masses and a sixfirhy.

Vanquished Creatures
  A tentacled starspawn (Abyss:2)
  A minotaur (Gauntlet)
  Erica (D:7)
  3 two-headed ogres
  A boulder beetle (Lair:1)
  2 thrashing horrors
  A wretched star (Abyss:2)
  A sixfirhy (Abyss:2)
  3 wizards (Volcano)
  A toenail golem (Volcano)
  5 elephants (Lair:2)
  Joseph (D:10)
  2 black mambas (Lair:1)
  3 cane toads (Lair:1)
  2 komodo dragons
  A kobold demonologist (D:11)
  A freezing wraith (Abyss:2)
  A polar bear (Lair:1)
  A troll (D:10)
  6 small abominations
  2 vampires
  3 wraiths
  A shadow (D:11)
  3 wyverns
  2 basilisks (Lair:1)
  Grum (D:8)
  A neqoxec (Gauntlet)
  5 yaks (Lair:1)
  4 vampire mosquitoes
  3 chaos spawn (Gauntlet)
  2 wargs
  2 swamp worms (Gauntlet)
  An acid dragon (D:8)
  5 water moccasins
  2 hell hounds (Lair:2)
  An orc warrior (D:8)
  2 ice beasts
  A black bear (Lair:1)
  11 wolves
  4 centaurs
  2 sky beasts (D:7)
  4 phantoms
  10 bullfrogs
  A kobold brigand (D:10)
  A gnoll sergeant (D:9)
  5 wights (D:9)
  9 killer bees
  3 howler monkeys
  5 orc priests
  4 hounds (D:6)
  A sleepcap (D:5)
  4 jellies
  An iron imp (Abyss:2)
  4 iguanas
  5 orc wizards
  9 gnolls
  17 adders
  A white imp (D:8)
  2 ufetubi (D:7)
  A worm (D:3)
  A dart slug (D:4)
  20 orcs
  12 ball pythons
  5 endoplasms
  3 giant cockroaches
  7 goblins
  9 hobgoblins
  4 jackals (D:2)
  8 bats
  4 frilled lizards
  16 kobolds
  7 rats
  A starspawn tentacle (Abyss:2)
280 creatures vanquished.

Vanquished Creatures (others)
  A lurking horror (Abyss:2)
  7 starspawn tentacles (Abyss:2)
8 creatures vanquished.

Grand Total: 288 creatures vanquished

Notes
Turn   | Place    | Note
-------+----------+-------------------------------------------
     0 | D:1      | TheGamechu the Minotaur Fighter began the quest for the
                  | Orb.
     0 | D:1      | Reached XP level 1. HP: 19/19 MP: 0/0
   125 | D:1      | Reached XP level 2. HP: 24/27 MP: 1/1
   836 | D:2      | Reached XP level 3. HP: 33/33 MP: 2/2
   952 | D:2      | Reached skill level 1 in Throwing
   952 | D:2      | Reached XP level 4. HP: 40/40 MP: 3/3
  1128 | D:2      | Found a shimmering altar of Xom.
  1291 | D:2      | Found Sujul's Armour Boutique.
  1294 | D:2      | Bought a +0 pair of boots for 54 gold pieces
  1513 | D:3      | Found a shimmering altar of Xom.
  1513 | D:3      | Found a shimmering altar of Xom.
  1514 | D:3      | Found a shimmering altar of Xom.
  1514 | D:3      | Found a shimmering altar of Xom.
  1588 | D:3      | Found a sparkling altar of Nemelex Xobeh.
  1687 | D:3      | Found a glowing golden altar of the Shining One.
  1747 | D:3      | Found a sacrificial altar of Ru.
  1925 | D:3      | Reached XP level 5. HP: 47/47 MP: 4/4
  2703 | D:3      | Reached skill level 5 in Fighting
  2713 | D:3      | Reached skill level 5 in Armour
  2904 | D:4      | Reached XP level 6. HP: 56/56 MP: 5/5
  3265 | D:4      | Found a stormy altar of Qazlal.
  3270 | D:4      | Found a blossoming altar of Fedhas.
  3270 | D:4      | Found a shimmering blue altar of Sif Muna.
  3314 | D:4      | Noticed an ice beast
  3323 | D:4      | Killed an ice beast
  3388 | D:5      | Entered Level 5 of the Dungeon
  3472 | D:5      | Reached skill level 5 in Axes
  3559 | D:5      | Reached XP level 7. HP: 60/62 MP: 6/6
  4045 | D:6      | Reached XP level 8. HP: 71/71 MP: 7/7
  4437 | D:6      | Found a bloodstained altar of Trog.
  4730 | D:7      | Reached skill level 5 in Throwing
  4859 | D:7      | Found a staircase to the Ecumenical Temple.
  4865 | Temple   | Entered the Ecumenical Temple
  4872 | Temple   | Became a worshipper of Gozag Ym Sagoz the Greedy
  4906 | D:7      | Found Maqom's Distillery.
  4911 | D:7      | Bought a potion of curing for 45 gold pieces
  5422 | D:7      | Reached XP level 9. HP: 80/81 MP: 8/8
  5681 | D:8      | Noticed Grum
  5681 | D:8      | Noticed Erica
  5762 | D:7      | Killed Erica
  5773 | D:8      | Killed Grum
  6000 | D:8      | Reached XP level 10. HP: 86/91 MP: 9/9
  6021 | D:8      | Found a staircase to the Lair.
  6826 | D:9      | Found a basalt altar of Yredelemnul.
  6898 | D:9      | Noticed a two-headed ogre
  6906 | D:9      | Killed a two-headed ogre
  6907 | D:9      | Reached skill level 10 in Fighting
  6907 | D:9      | Reached skill level 10 in Armour
  6923 | D:9      | Noticed a two-headed ogre
  6935 | D:9      | Killed a two-headed ogre
  7161 | D:9      | Reached skill level 5 in Shields
  7256 | D:10     | Entered Level 10 of the Dungeon
  7352 | D:10     | Reached skill level 10 in Axes
  7501 | D:10     | Noticed Joseph
  7525 | D:10     | Killed Joseph
  7828 | D:11     | Found the +6 shillelagh "Devastator" {shatter}
  7989 | D:11     | Reached skill level 1 in Maces & Flails
  7989 | D:11     | Reached XP level 11. HP: 93/101 MP: 10/10
  8288 | D:11     | Identified the +1 pair of gloves "Immazitz" {-Cast rN+
                  | SInv}
  8375 | D:11     | Noticed a two-headed ogre
  8386 | D:11     | Killed a two-headed ogre
  8549 | D:11     | Found a shimmering blue altar of Sif Muna.
  8987 | Lair:1   | Entered Level 1 of the Lair of Beasts
  9329 | Lair:1   | Found a transporter.
  9331 | Lair:1   | Found a transporter.
  9381 | Lair:1   | Noticed Eugor's ghost (journeyman DECj)
  9383 | Lair:1   | Noticed a spriggan rider
  9398 | Lair:1   | Identified the +4 long sword of Extermination {speed, rC+
                  | rN+ Str-2 Dex+3}
  9451 | Lair:1   | Noticed a spriggan rider
  9452 | Lair:1   | Found a bloodstained altar of Trog.
  9832 | Lair:1   | Noticed a boulder beetle
  9849 | Lair:1   | Killed a boulder beetle
 10013 | Lair:2   | Reached skill level 5 in Maces & Flails
 10022 | Lair:2   | Reached XP level 12. HP: 85/112 MP: 11/11
 10036 | Lair:2   | Found a gate leading to a gauntlet.
 10042 | Gauntlet | Entered a Gauntlet
 10042 | Gauntlet | Found a transporter.
 10042 | Gauntlet | Found a transporter.
 10042 | Gauntlet | Found a transporter.
 10045 | Gauntlet | Found a transporter.
 10046 | Gauntlet | Found a transporter.
 10049 | Gauntlet | Found a transporter.
 10056 | Gauntlet | Found a transporter.
 10058 | Gauntlet | Found a transporter.
 10058 | Gauntlet | Found a transporter.
 10060 | Gauntlet | Found a transporter.
 10068 | Gauntlet | Found a transporter.
 10068 | Gauntlet | Found a transporter.
 10423 | Gauntlet | Identified the ring "Areelomo" {rPois AC+4 Slay+2}
 10435 | Gauntlet | Identified the +8 long sword "Dijietax" {freeze, +Blink Fly
                  | rN+}
 10435 | Gauntlet | Noticed a minotaur
 10455 | Gauntlet | Killed a minotaur
 10545 | Gauntlet | Identified the +3 swamp dragon scales of Taidogit {rPois
                  | rCorr Str-4 Stlth+}
 10580 | Lair:2   | Found a dark tunnel.
 10593 | Volcano  | Entered a volcano
 10631 | Volcano  | Reached skill level 1 in Evocations
 10658 | Abyss:2  | Cast into level 2 of the Abyss (a wizard)
 10677 | Abyss:2  | Noticed a lorocyproca
 10697 | Abyss:2  | Found a corrupted altar of Lugonu.
 10702 | Abyss:2  | Noticed a tentacled starspawn
 10712 | Abyss:2  | Found a corrupted altar of Lugonu.
 10746 | Abyss:2  | Reached skill level 10 in Throwing
 10860 | Abyss:2  | Noticed a tentacled starspawn
 10926 | Abyss:2  | Noticed a tentacled starspawn
 10931 | Abyss:2  | Killed a tentacled starspawn
 10974 | Abyss:2  | Noticed a bone dragon
 11004 | Abyss:2  | HP: 1/90 [bone dragon (8)]
 11006 | Abyss:2  | Noticed a starcursed mass
 11008 | Abyss:2  | Slain by a sixfirhy

Illustrated notes

Levels and vault maps discovered:
D:1:      evilmike_arrival_hilbert_curve, layout_basic, hangedman_decor_points
D:2:      layout_loops_ring, serial_shops, nicolae_shop_real_fake_doors,
          basic_altar, st_stairs_3, minmay_pentomino_u2
D:3:      layout_loops_corners, nicolae_ru_great_annihilating_truth,
          mainiacjoe_overflow_catwalk, xom_redecorated, old_standard_altar
D:4:      layout_cave_pools, chequers_temple_overflow_statue_of_worship,
          grunt_decor_one_mirror
D:5:      layout_cave_pools, grunt_decor_cap, kennysheep_small_circle
D:6:      layout_basic, mainiacjoe_overflow_cross_hatched, st_stairs_3
D:7:      layout_cave_pods, minmay_temple_entry_hall, serial_shops, shop
D:8:      layout_basic, erik_lair_orcish_takeover, serial_aquarium,
          aquarium_bridge_long_separate [aquarium_subvault_balcony,
          aquarium_subvault_balcony, aquarium_subvault_bridge,
          aquarium_subvault_wall, aquarium_subvault_window,
          aquarium_subvault_bridge], aquarium_bridge_square
          [aquarium_subvault_wall, aquarium_subvault_window,
          aquarium_subvault_window, aquarium_subvault_bridge],
          aquarium_window_2, aquarium_window_2, aquarium_view_2f,
          aquarium_view_2a, aquarium_balcony_3a, aquarium_pool_four, uniq_erica,
          uniq_grum
D:9:      layout_basic, lemuel_crystal_altar
D:10:     layout_roguey, uniq_joseph
D:11:     layout_loops_corners, led_sif_pool
Temple:   nicolae_temple_bog_church
Lair:1:   layout_gridlike, gammafunk_ghost_wrathful_warriors, grunt_megastairs_5
Lair:2:   layout_loops_ring, alex1729_swamp_entry_worm_eleionoma,
          minmay_snake_entry_six_corridors, gauntlet_entry_generic,
          enter_volcano_3, serial_bayou_shore_b
Abyss:2:  base: D:3, gammafunk_corrupted_shrine, evilmike_abyss_exit_2
Volcano:  volcano_bunker

Skill      XL: |  1  2  3  4  5  6  7  8  9 10 11 12 |
---------------+-------------------------------------+-----
Fighting       | 4 5 6 7 9 10 11 12 | 12.8
Armour         | 4 5 6 7 9 10 11 12 | 12.8
Shields        | 4 5 8 |  8.0
Axes           | 3 4 5 6 7 9 10 | 10.2
Throwing       | 1 2 3 4 5 6 8 9 10 | 10.2
Maces & Flails | 1 5 7 |  7.4
Evocations     | 2 |  2.7

Action                     |  1- 3 |  4- 6 |  7- 9 | 10-12 || total
---------------------------+-------+-------+-------+-------++-------
  Melee: War axe           |    97 |   150 |   188 |    81 ||   516
         Headbutt          |    12 |    20 |    25 |    59 ||   116
         Shillelagh        |       |       |       |   227 ||   227
  Throw: Boomerang         |       |     8 |    34 |    46 ||    88
         Dart              |       |       |       |     9 ||     9
 Invoke: Potion Petition   |       |       |       |     2 ||     2
  Evoke: Wand              |       |       |       |     6 ||     6
    Use: Scroll            |       |     8 |     6 |    16 ||    30
         Potion            |       |       |       |     6 ||     6
   Stab: Paralysed         |       |     1 |     2 |     1 ||     4
         Confused          |       |       |     1 |       ||     1
         Distracted        |       |       |     1 |     3 ||     4
 Armour: Scale mail        |    84 |    39 |       |       ||   123
         Plate armour      |       |    88 |   236 |   320 ||   644
  Dodge: Dodged            |    49 |    58 |    56 |    94 ||   257
  Block: Buckler           |    26 |    35 |    41 |     7 ||   109
         Kite shield       |       |       |       |   136 ||   136

Table legend: (Time is in decaauts)
 A = Elapsed time spent in this place.
 B = Non-inter-level travel time spent in this place.
 C = Inter-level travel time spent in this place.
 D = Time resting spent in this place.
 E = Time spent auto-exploring this place.
 F = Levels seen in this place.
 G = Mean time per level.
                   A        B        C        D        E       F      G
               +--------+--------+--------+--------+--------+-----+--------+
         Total |  11158 |  10594 |    564 |    536 |   6631 |  17 |  656.4 |
       Dungeon |   9131 |   8619 |    512 |    347 |   5826 |  11 |  830.1 |
        Temple |     12 |      8 |      4 |      0 |      0 |   1 |   12.0 |
          Lair |   1099 |   1052 |     47 |     88 |    505 |   2 |  549.5 |
         Abyss |    334 |    334 |      0 |     15 |     43 |   1 |  334.0 |
       Volcano |     62 |     62 |      0 |      0 |      0 |   1 |   62.0 |
      Gauntlet |    518 |    518 |      0 |     85 |    257 |   1 |  518.0 |
               +--------+--------+--------+--------+--------+-----+--------+

Top non-repeatable levels by time:
     D:3: 1283 daAuts
     D:8: 1194 daAuts
    D:11: 1081 daAuts
  Lair:1: 1002 daAuts
     D:1: 860 daAuts
     D:7: 834 daAuts
     D:6: 746 daAuts
     D:4: 669 daAuts
     D:2: 662 daAuts
     D:9: 617 daAuts
     D:5: 604 daAuts
    D:10: 576 daAuts
Gauntlet: 518 daAuts
 Abyss:2: 334 daAuts
  Lair:2: 96 daAuts
